Map: Dusk Towers

Players

HeavyFresh

  • Race: Terran Terran
  • League: Master

RandySavage - Winner!

  • Race: Protoss Protoss
  • League: Diamond

VOD

Have the link to the VOD?

Description

Time

  • Played on: Dec. 8, 2015, 8:40 p.m.
  • Length: 16:01
Show
View Real Time Build Order
Export as new Build Order

HeavyFresh Terran 

Build Orders: MMM Bio 

Get SALT Encoding   

  12  0:01  SCV  
  13  0:13  SCV  
  14  0:17  Supply Depot  
  14  0:25  SCV  
  15  0:39  SCV  
  15  0:41  Barracks  
  16  0:44  Refinery  
  16  0:51  SCV  
  17  1:04  SCV  
  18  1:27  Orbital Command  
  18  1:30  Marine  
  19  1:35  Bunker  
  19  1:41  Supply Depot  
  19  1:47  Marine  
  19  1:53  SCV  
  21  1:56  Factory  
  21  2:05  Marine  
  22  2:11  SCV  
  23  2:22  Refinery  
  23  2:23  SCV, Marine  
  25  2:35  SCV  
  25  2:36  Supply Depot  
  26  2:40  Factory Tech Lab  
  26  2:46  Starport  
  26  2:48  SCV  
  27  3:00  SCV, Marine  
  29  3:07  Cyclone  
  29  3:12  Command Center  
  31  3:16  SCV  
  32  3:21  Marine  
  32  3:25  Medivac  
  35  3:29  SCV  
  36  3:40  Barracks  
  36  3:45  Barracks  
  36  3:50  SCV  
  36  3:52  Widow Mine  
  39  4:00  Stimpack  
  39  4:09  Supply Depot  
  39  4:23  SCV, Marine  
  41  4:30  Orbital Command  
  41  4:35  SCV  
  41  4:37  Supply Depot  
  37  4:47  SCV  
  37  4:48  Barracks Reactor, Barracks Tech Lab  
  36  4:59  SCV  
  38  5:00  SCV  
  38  5:02  Marine  
  39  5:11  Marine  
  39  5:12  SCV x2  
  42  5:20  Marine  
  43  5:24  SCV x2  
  43  5:25  Combat Shields  
  43  5:26  Marine x2  
  47  5:29  Marine  
  47  5:34  Starport Reactor  
  47  5:35  Engineering Bay  
  48  5:36  SCV  
  48  5:38  SCV  
  48  5:39  Marine  
  51  5:48  SCV  
  52  5:51  SCV, Marine x3  
  56  5:57  Marine  
  56  6:00  SCV  
  56  6:09  SCV, Marine x2  
  56  6:10  Marauder  
  59  6:11  Medivac x2  
  59  6:12  SCV  
  59  6:13  Terran Infantry Weapons Level 1  
  59  6:15  Concussive Shells, Marauder  
  66  6:19  Supply Depot  
  66  6:20  Missile Turret  
  66  6:21  SCV, Missile Turret  
  67  6:26  Liberator  
  67  6:28  Liberator  
  67  6:29  Supply Depot  
  67  6:30  SCV  
  68  6:33  Marine  
  68  6:34  Marine  
  70  6:40  SCV, Marine  
  78  6:55  Marauder, Marine x2  
  78  6:56  SCV  
  78  6:58  SCV, Marauder  
  86  7:02  Supply Depot  
  86  7:04  Supply Depot  
  86  7:18  Command Center  
  86  7:23  SCV  
  77  7:38  Marauder x2, Marine x2  
  77  7:39  SCV  
  77  7:40  SCV  
  85  7:45  Medivac  
  87  7:52  SCV x2  
  87  8:04  SCV x2, Marauder x2, Marine x2  
  95  8:07  Terran Infantry Armor Level 1  
  95  8:09  Refinery  
  95  8:10  Refinery  
  95  8:13  Armory  
  95  8:16  SCV, Supply Depot  
  95  8:17  Supply Depot  
  96  8:27  Marauder x2, Marine x2  
  96  8:29  SCV x2  
  102  8:37  Liberator  
  102  8:43  SCV x2  
  102  8:47  Marine x2  
  106  8:49  Marauder  
  106  8:52  Engineering Bay  
  106  8:54  Marauder  
  113  8:55  Barracks  
  113  8:56  SCV, Barracks  
  114  9:03  SCV  
  114  9:05  Marine x2  
  114  9:08  SCV  
  118  9:11  Marauder  
  118  9:12  Orbital Command  
  118  9:14  Marine  
  118  9:15  SCV  
  122  9:21  SCV, Missile Turret  
  122  9:23  Marine  
  124  9:27  SCV  
  124  9:28  Marine  
  126  9:32  Marine  
  126  9:33  SCV, Terran Infantry Weapons Level 2, Marauder  
  126  9:34  Missile Turret  
  130  9:40  SCV, Marine  
  130  9:41  Supply Depot  
  132  9:45  Supply Depot  
  132  9:46  Marine  
  133  10:00  Barracks Tech Lab  
  133  10:01  Barracks Reactor  
  133  10:02  Terran Infantry Armor Level 2  
  133  10:03  Marauder x2, Marine  
  133  10:04  SCV  
  133  10:06  Refinery x2  
  139  10:08  Marine  
  139  10:09  Command Center, SCV  
  139  10:14  Supply Depot  
  141  10:18  Liberator x2  
  141  10:20  Marine  
  142  10:25  Marine, Marauder x3  
  149  10:32  Starport  
  155  10:36  Marine  
  155  10:37  Marine  
  155  10:41  Marine  
  158  10:43  Supply Depot, Marine  
  158  10:46  Supply Depot, Marauder  
  151  10:58  Marine, Marauder  
  151  10:59  Marine x2, Marauder  
  151  11:01  Marine  
  159  11:07  Marauder  
  159  11:08  Liberator  
  159  11:09  Liberator  
  158  11:13  Ghost Academy  
  158  11:16  Marine x2  
  158  11:17  Marine  
  155  11:20  Marauder x2  
  159  11:28  Starport Tech Lab  
  159  11:29  Marauder  
  166  11:41  Marauder  
  166  11:46  Marauder  
  165  11:48  Marine x4  
  165  11:50  Marauder  
  171  11:57  Medivac  
  173  12:03  Marauder  
  173  12:06  Marine x2  
  173  12:08  Medivac, Marauder  
  179  12:12  Marauder  
  163  12:20  Marine x2  
  121  12:23  Marine  
  121  12:24  Marauder, Marine  
  121  12:29  Marauder  
  101  12:33  Marauder  
  103  12:38  Marine  
  104  12:45  Medivac, Marauder  
  104  12:46  Medivac x2  
  104  12:50  Planetary Fortress, Marauder  
  114  12:54  Marauder  
  114  12:55  Terran Infantry Weapons Level 3  
  116  13:02  Terran Infantry Armor Level 3  
  116  13:04  Liberator  
  116  13:07  Marauder  
  116  13:09  Fusion Core  
  118  13:15  Marauder, Medivac, Marine x2  
  118  13:16  Marauder, Marine x2  
  118  13:17  SCV  
  129  13:24  Liberator  
  132  13:28  Marine  
  130  13:38  Marine  
  130  13:39  Marine x3, Marauder x2  
  135  13:46  Marauder  
  140  13:48  Liberator  
  140  13:56  Marine x2  
  140  14:00  Marauder x2  
  130  14:04  Marine x2  
  130  14:07  Marauder  
  125  14:14  Marine  
  125  14:16  Marine  
  125  14:21  Marauder x2  
  125  14:22  Medivac  
  131  14:29  Marauder  
  98  14:40  Orbital Command  
  98  14:43  Marauder x2  
  102  14:50  Marauder  
  90  15:19  Marine, Marauder  
  90  15:20  Marauder x2  
  97  15:31  Marine  
Show
View Real Time Build Order
Export as new Build Order

RandySavage Protoss - Winner!

Build Orders: Oracle Opening 

Get SALT Encoding   

  12  0:02  Probe (Chrono Boost)  
  13  0:12  Probe (Chrono Boost)  
  14  0:17  Pylon  
  14  0:23  Probe (Chrono Boost)  
  15  0:36  Probe (Chrono Boost)  
  15  0:37  Gateway  
  16  0:46  Probe (Chrono Boost)  
  17  0:51  Assimilator  
  18  0:57  Probe (Chrono Boost)  
  18  0:58  Assimilator  
  18  1:07  Probe (Chrono Boost)  
  19  1:23  Probe (Chrono Boost)  
  20  1:27  Cybernetics Core  
  20  1:30  Pylon  
  20  1:34  Probe (Chrono Boost)  
  21  1:59  Nexus  
  21  2:05  Mothership Core (Chrono Boost)  
  23  2:14  Adept (Chrono Boost)  
  25  2:19  Warp Gate  
  25  2:24  Probe  
  26  2:34  Pylon  
  26  2:37  Probe (Chrono Boost)  
  27  2:40  Adept (Chrono Boost)  
  29  2:48  Probe (Chrono Boost)  
  30  2:57  Stargate  
  30  2:59  Probe (Chrono Boost)  
  31  3:09  Probe (Chrono Boost)  
  32  3:15  Probe (Chrono Boost), Forge  
  34  3:20  Probe (Chrono Boost)  
  34  3:25  Probe (Chrono Boost)  
  35  3:30  Probe (Chrono Boost)  
  35  3:33  Stalker  
  38  3:36  Probe (Chrono Boost)  
  38  3:39  Pylon  
  38  3:41  Probe (Chrono Boost)  
  40  3:46  Oracle (Chrono Boost)  
  43  3:48  Probe (Chrono Boost)  
  43  3:52  Probe (Chrono Boost)  
  45  3:58  Photon Cannon  
  45  4:01  Probe (Chrono Boost)  
  46  4:03  Probe (Chrono Boost)  
  47  4:10  Protoss Ground Weapons Level 1  
  47  4:12  Probe (Chrono Boost)  
  47  4:15  Probe (Chrono Boost)  
  49  4:22  Probe (Chrono Boost)  
  50  4:26  Gateway  
  50  4:27  Probe (Chrono Boost)  
  50  4:28  Sentry  
  50  4:29  Gateway  
  53  4:33  Probe (Chrono Boost)  
  53  4:35  Oracle  
  57  4:45  Probe (Chrono Boost)  
  58  4:46  Probe (Chrono Boost)  
  58  4:47  Assimilator  
  58  4:49  Assimilator  
  58  4:51  Pylon  
  59  4:55  Probe (Chrono Boost)  
  59  4:57  Probe (Chrono Boost)  
  61  5:00  Photon Cannon  
  61  5:06  Probe (Chrono Boost)  
  62  5:19  Stalker  
  64  5:37  Twilight Council  
  64  5:39  Robotics Facility  
  64  5:44  Stalker x3, Pylon  
  64  5:49  Pylon  
  70  5:50  Pylon  
  70  6:10  Adept  
  70  6:11  Adept x2  
  76  6:14  Blink  
  76  6:26  Protoss Ground Weapons Level 2  
  76  6:35  Nexus  
  76  6:36  Pylon  
  76  6:39  Adept x2, Pylon  
  80  6:40  Gateway  
  80  6:41  Gateway  
  80  6:47  Probe (Chrono Boost)  
  80  6:48  Probe (Chrono Boost)  
  80  6:53  Observer  
  83  6:58  Probe (Chrono Boost)  
  84  7:02  Adept x3, Pylon  
  84  7:05  Probe (Chrono Boost)  
  91  7:09  Probe (Chrono Boost)  
  91  7:14  Pylon  
  90  7:15  Probe (Chrono Boost)  
  90  7:19  Probe (Chrono Boost)  
  91  7:24  Pylon  
  91  7:26  Probe (Chrono Boost), Pylon  
  91  7:27  Templar Archives  
  91  7:29  Stalker x2  
  95  7:30  Probe (Chrono Boost)  
  93  7:37  Probe (Chrono Boost)  
  93  7:38  Stalker  
  93  7:42  Probe (Chrono Boost)  
  97  7:48  Probe (Chrono Boost)  
  97  7:49  Observer  
  97  7:50  Probe (Chrono Boost)  
  100  7:52  Adept  
  100  7:53  Adept x2  
  106  7:59  Probe (Chrono Boost)  
  107  8:07  Probe (Chrono Boost)  
  107  8:08  Stalker x2  
  107  8:10  Probe (Chrono Boost)  
  113  8:13  Assimilator  
  113  8:14  Assimilator  
  113  8:15  Pylon  
  113  8:18  Pylon  
  112  8:31  Stalker  
  112  8:32  Stalker x4  
  122  8:35  Photon Cannon  
  121  8:51  Protoss Ground Weapons Level 3 (Chrono Boost)  
  121  9:00  Adept x3, Photon Cannon  
  121  9:01  Adept x2, Pylon  
  131  9:08  Psionic Storm  
  131  9:10  Gateway x2  
  131  9:23  Adept x4  
  139  9:37  Gateway x2  
  139  9:39  Pylon  
  139  9:41  High Templar  
  139  9:43  High Templar  
  143  9:45  Adept  
  143  9:46  Adept  
  143  9:51  Pylon  
  143  9:52  Pylon  
  146  9:54  Resonating Glaives  
  146  10:07  Observer  
  146  10:09  High Templar  
  149  10:19  Stalker x3  
  149  10:20  Adept x2  
  159  10:28  Adept  
  161  10:33  High Templar  
  161  10:35  Nexus  
  163  10:37  Pylon  
  163  10:38  Adept  
  165  10:43  High Templar  
  165  10:45  Adept x2  
  165  10:46  Adept  
  173  10:52  Pylon  
  173  10:57  Adept x3  
  173  11:02  High Templar  
  173  11:04  Gateway x2  
  181  11:09  Adept x3  
  187  11:14  Probe x2  
  187  11:15  Probe  
  190  11:18  Oracle  
  193  11:25  High Templar  
  195  11:33  Pylon  
  195  11:34  Assimilator  
  195  11:39  Assimilator  
  189  11:47  High Templar  
  189  11:48  High Templar  
  193  12:03  Pylon  
  193  12:04  Photon Cannon  
  193  12:05  Photon Cannon  
  141  12:23  Adept x7  
  141  12:24  Adept x2  
  141  12:26  Immortal  
  151  12:41  Charge  
  151  12:42  Gateway  
  151  12:44  Gateway, High Templar  
  151  12:45  Stalker, High Templar x2  
  151  12:47  High Templar  
  161  12:54  High Templar  
  161  12:57  Adept x2  
  167  13:02  Protoss Ground Armor Level 1 (Chrono Boost)  
  167  13:06  Adept x2  
  167  13:09  Adept  
  167  13:11  High Templar  
  175  13:20  Adept x2  
  175  13:21  Adept  
  181  13:29  High Templar x2  
  181  13:40  Adept x2  
  181  13:41  Adept x3  
  189  13:47  Dark Shrine  
  185  14:02  Zealot x5  
  186  14:06  High Templar x2  
  185  14:15  Zealot x2  
  176  14:33  Adept x4  
  174  14:42  Stalker x2  
  178  14:52  Stalker x2  
  182  15:16  Nexus  
  182  15:19  Dark Templar  
  184  15:22  Dark Templar  
  176  15:37  Stalker x2  
  176  15:38  Stalker  
  178  15:52  High Templar  
  178  15:53  High Templar x2  
  187  15:59  High Templar x2  
Tags
 
Add a new tag
Caveats
  • Supply blocks, unpowered buildings, or Contaminate may cause inaccurate times.
  • Supply counts are checked every 10 seconds.